 Dungeon Crawl Stone Soup version 0.21-a0-404-g291f19a (webtiles) character file.

240 Slyspawn the Charmwright (level 6, -2/50 HPs)
             Began as a Gnoll Skald on Oct 28, 2017.
             Slain by Barriton's ghost (3 damage)
             ... on level 3 of the Dungeon.
             The game lasted 00:10:59 (2582 turns).

Slyspawn the Charmwright (Gnoll Skald)              Turns: 2582, Time: 00:11:00

Health: -2/50      AC:  4    Str: 20    XL:     6   Next: 8%
Magic:  10/13      EV: 14    Int: 16    God:
Gold:   112        SH:  0    Dex: 14    Spells: 14/15 levels left

rFire    . . .     SeeInvis .   a - +1 spear
rCold    . . .     Gourm    .   (no shield)
rNeg     . . .     Faith    .   b - +1 leather armour
rPois    .         Spirit   .   (no helmet)
rElec    .         Reflect  .   (no cloak)
rCorr    .         Harm     .   (no gloves)
MR       .....                  (no boots)
Stlth    ++........             (no amulet)
HPRegen  0.16/turn              (no ring)
MPRegen  0.13/turn              (no ring)

@: mighty, infused
A: distributed training, fangs 1, strong nose
a: no special abilities


You were on level 3 of the Dungeon.
You were hungry.

You visited 1 branch of the dungeon, and saw 3 of its levels.

You collected 112 gold pieces.

Inventory:

Hand Weapons
 a - a +1 spear (weapon)
 j - a +0 spear
 r - a +0 spear
Missiles
 g - 86 stones (quivered)
Armour
 b - a +1 leather armour (worn)
 k - a +0 chain mail
Jewellery
 f - a cursed ring of flight {unknown}
Scrolls
 h - a scroll of immolation {unknown}
 i - 2 scrolls of remove curse
 l - a scroll of identify
Potions
 e - 2 potions of curing
Books
 c - a book of Battle

   Spells                             Type                      Level
   a - Infusion                       Charms                       1
   b - Shroud of Golubria             Charms/Translocation         2
   c - Song of Slaying                Charms                       2
   d - Spectral Weapon                Hexes/Charms                 3
   e - Regeneration                   Charms/Necromancy            3
Comestibles
 d - 3 bread rations
 n - a meat ration
 o - 3 chunks of flesh
 p - 2 fruits


   Skills:
 + Level 4.9 Fighting
 + Level 1.7 Short Blades
 + Level 1.7 Long Blades
 + Level 1.7 Axes
 + Level 1.7 Maces & Flails
 + Level 4.9 Polearms
 + Level 1.7 Staves
 + Level 1.7 Slings
 + Level 1.7 Bows
 + Level 1.7 Crossbows
 + Level 1.7 Throwing
 + Level 3.1 Armour
 + Level 4.9 Dodging
 + Level 1.7 Stealth
 + Level 1.7 Shields
 + Level 1.7 Unarmed Combat
 + Level 5.3 Spellcasting
 + Level 1.3 Conjurations
 + Level 1.3 Hexes
 + Level 5.6 Charms
 + Level 1.3 Summonings
 + Level 1.3 Necromancy
 + Level 1.3 Translocations
 + Level 1.3 Transmutations
 + Level 1.3 Fire Magic
 + Level 1.3 Ice Magic
 + Level 1.3 Air Magic
 + Level 1.3 Earth Magic
 + Level 1.3 Poison Magic
 + Level 2.0 Invocations
 + Level 1.7 Evocations


You had 14 spell levels left.
You knew the following spells:

 Your Spells              Type           Power        Failure   Level  Hunger
a - Infusion              Chrm           ###.         1%          1    None


Dungeon Overview and Level Annotations

Branches:
Dungeon (3/15)

Altars:

Annotations:
D:3 Barriton's ghost, amateur DrMo


Innate Abilities, Weirdness & Mutations

Your experience applies equally to all skills.
You have very sharp teeth.
Your uncanny sense of smell can sniff out nearby items.


Message History

You hit Barriton's ghost. Your bite misses Barriton's ghost.
Barriton's ghost is lightly damaged.
The leopard gecko bites you but does no damage.
Barriton's ghost hits you!
* * * LOW HITPOINT WARNING * * *
You feel very mighty all of a sudden. The leopard gecko bites you.
* * * LOW HITPOINT WARNING * * *
Barriton's ghost hits you but does no damage.
You puncture Barriton's ghost!
Barriton's ghost is moderately damaged.
You hear the rusting of a very distant drain.
The leopard gecko bites you.
* * * LOW HITPOINT WARNING * * *
Barriton's ghost closely misses you. The leopard gecko bites you.
* * * LOW HITPOINT WARNING * * *
You closely miss Barriton's ghost.
Barriton's ghost is moderately damaged.
The leopard gecko barely misses you. Barriton's ghost hits you.
You die...

#.## ##....#
###.## ##.###.####
#...W###.####[#...
#.###)#...........
#.# ##.######.#.#.
#.# #.# #.#.#. #.#
#.# #.#.#. #W# #.#
#.#.#. #@# #.#
#.#.#. #l# #W#
#.#.#. #K.[...#
#.#.#. #%######
#.# ...∆ ∆ #..
#.## #.# #.#


You could see Barriton's ghost, a leopard gecko and a kobold.

Vanquished Creatures
  3 orc priests (D:3)
  An orc wizard (D:3)
  4 adders (D:2)
  An ooze (D:3)
  2 worms (D:2)
  A dart slug (D:2)
  3 leopard geckos
  6 orcs
  5 bats
  3 giant cockroaches
  4 goblins (D:1)
  6 hobgoblins
  3 jackals
  10 kobolds
  2 quokkas
  3 ball pythons (D:1)
  4 frilled lizards
  10 rats
71 creatures vanquished.

Notes
Turn   | Place    | Note
-------+----------+-------------------------------------------
     0 | D:1      | Slyspawn the Gnoll Skald began the quest for the Orb.
     0 | D:1      | Reached XP level 1. HP: 20/20 MP: 6/6
    77 | D:1      | Reached XP level 2. HP: 14/26 MP: 1/7
   639 | D:1      | Reached XP level 3. HP: 31/31 MP: 9/9
   652 | D:1      | Reached skill level 5 in Spellcasting
  1246 | D:2      | Reached skill level 1 in Invocations
  1328 | D:2      | Reached skill level 1 in Short Blades
  1328 | D:2      | Reached skill level 1 in Long Blades
  1328 | D:2      | Reached skill level 1 in Axes
  1328 | D:2      | Reached skill level 1 in Maces & Flails
  1328 | D:2      | Reached skill level 1 in Staves
  1328 | D:2      | Reached skill level 1 in Slings
  1328 | D:2      | Reached skill level 1 in Bows
  1328 | D:2      | Reached skill level 1 in Crossbows
  1328 | D:2      | Reached skill level 1 in Throwing
  1328 | D:2      | Reached skill level 1 in Stealth
  1328 | D:2      | Reached skill level 1 in Shields
  1328 | D:2      | Reached skill level 1 in Unarmed Combat
  1328 | D:2      | Reached skill level 1 in Evocations
  1328 | D:2      | Reached XP level 4. HP: 34/38 MP: 11/11
  1908 | D:2      | Reached skill level 1 in Conjurations
  1908 | D:2      | Reached skill level 1 in Hexes
  1908 | D:2      | Reached skill level 1 in Summonings
  1908 | D:2      | Reached skill level 1 in Necromancy
  1908 | D:2      | Reached skill level 1 in Translocations
  1908 | D:2      | Reached skill level 1 in Transmutations
  1908 | D:2      | Reached skill level 1 in Fire Magic
  1908 | D:2      | Reached skill level 1 in Ice Magic
  1908 | D:2      | Reached skill level 1 in Air Magic
  1908 | D:2      | Reached skill level 1 in Earth Magic
  1908 | D:2      | Reached skill level 1 in Poison Magic
  2330 | D:3      | Reached XP level 5. HP: 26/43 MP: 8/12
  2534 | D:3      | Reached XP level 6. HP: 30/50 MP: 13/13
  2557 | D:3      | Noticed Barriton's ghost (amateur DrMo)
  2581 | D:3      | HP: 1/50 [leopard gecko (3)]
  2582 | D:3      | Slain by Barriton's ghost

Vault maps used:
D:1:      shiori_arrival_maze
D:2:      grunt_decor_resistance, corner_web_ring
D:3:      gammafunk_temple_overflow_elements, gup_sewer_entry_pipe, first_bread

Skill      XL: |  1  2  3  4  5  6 |
---------------+-------------------+-----
Spellcasting   | 5 |  5.3
Invocations    | 1 2 |  2.0
Short Blades   | 1 |  1.7
Long Blades    | 1 |  1.7
Axes           | 1 |  1.7
Maces & Flails | 1 |  1.7
Staves         | 1 |  1.7
Slings         | 1 |  1.7
Bows           | 1 |  1.7
Crossbows      | 1 |  1.7
Throwing       | 1 |  1.7
Stealth        | 1 |  1.7
Shields        | 1 |  1.7
Unarmed Combat | 1 |  1.7
Evocations     | 1 |  1.7
Conjurations   | 1 |  1.3
Hexes          | 1 |  1.3
Summonings     | 1 |  1.3
Necromancy     | 1 |  1.3
Translocations | 1 |  1.3
Transmutations | 1 |  1.3
Fire Magic     | 1 |  1.3
Ice Magic      | 1 |  1.3
Air Magic      | 1 |  1.3
Earth Magic    | 1 |  1.3
Poison Magic   | 1 |  1.3
Armour         | 3 |  3.1
Fighting       | |  4.9
Polearms       | |  4.9
Dodging        | |  4.9
Charms         | |  5.6

Action                   |  1- 3 |  4- 6 || total
-------------------------+-------+-------++-------
Melee: Spear             |    90 |   181 ||   271
       Bite              |     2 |    16 ||    18
Throw: Stone             |     6 |     2 ||     8
 Cast: Infusion          |     4 |     3 ||     7
  Use: Scroll            |     1 |     5 ||     6
       Potion            |     1 |     3 ||     4
 Stab: Sleeping          |     6 |     4 ||    10
       Distracted        |       |     1 ||     1
  Eat: Chunk             |     1 |     4 ||     5
Armor: Leather armour    |     8 |    19 ||    27
Dodge: Dodged            |    49 |    82 ||   131

Table legend:
 A = Spawn XP
 B = Non-spawn XP
 C = Spawn XP percentage of total XP
 D = Spawn monster count
 E = Non-spawn monster count
 F = Spawn count percentage of total count
 G = Total turns spent on level
                    A         B        C        D         E        F      G
               +---------+---------+-------+---------+---------+-------+---------
         Total |       0 |     343 |   0.0 |       0 |      71 |   0.0 |  2582
               +---------+---------+-------+---------+---------+-------+---------
           D:1 |       0 |      46 |   0.0 |       0 |      28 |   0.0 |  1110
           D:2 |       0 |     103 |   0.0 |       0 |      28 |   0.0 |  1209
           D:3 |       0 |     194 |   0.0 |       0 |      15 |   0.0 |   263
               +---------+---------+-------+---------+---------+-------+---------
